 Dungeon Crawl Stone Soup version 0.23-a0-301-g9da9e51 (webtiles) character file.

156 Amnesiac the Magician (level 5, -2/45 HPs)
             Began as a Troll Earth Elementalist on Oct 7, 2018.
             Slain by a hound (6 damage)
             ... on level 4 of the Dungeon.
             The game lasted 00:03:21 (670 turns).

Amnesiac the Magician (Troll Earth Elementalist)     Turns: 670, Time: 00:03:22

Health: -2/45      AC:  6    Str: 16    XL:     5   Next: 15%
Magic:  4/8        EV: 10    Int: 12    God:
Gold:   56         SH:  0    Dex: 10    Spells: 4/10 levels left

rFire    . . .     SeeInvis .   l - +6 long sword of Atelor {vamp, rC++}
rCold    + + .     Gourm    +   (no shield)
rNeg     . . .     Faith    .   c - +1 robe
rPois    .         Spirit   .   (helmet restricted)
rElec    .         Reflect  .   (no cloak)
rCorr    .         Harm     .   (gloves unavailable)
MR       .....                  (boots unavailable)
Stlth    +.........             e - amulet of magic regeneration
HPRegen  0.55/turn              (no ring)
MPRegen  0.36/turn              (no ring)

@: no status effects
A: large, unfitting armour, claws 3, fast metabolism 3, gourmand, regeneration
1, shaggy fur 1, tough skin 2
a: no special abilities


You were on level 4 of the Dungeon.
You were not hungry.

You visited 1 branch of the dungeon, and saw 6 of its levels.

You collected 56 gold pieces.

Inventory:

Hand Weapons
 l - the +6 long sword of Atelor (weapon) {vamp, rC++}
   (You found it on level 4 of the Dungeon)

   It inflicts no extra harm, but heals its wielder when it wounds a living foe.
   It greatly protects you from cold.
Missiles
 b - 76 stones (quivered)
Armour
 c - a +1 robe (worn)
Jewellery
 e - an amulet of magic regeneration (around neck)
Scrolls
 a - 4 scrolls of teleportation {!r}
 f - a scroll of enchant armour {!r}
 k - a scroll of identify {!r}
 m - a scroll of magic mapping {!r, unknown}
Potions
 g - a potion of ambrosia {!q, unknown}
 h - a potion of curing {!q, unknown}
 i - a potion of magic {!q}
 j - 2 potions of brilliance {!q}
Comestibles
 d - 4 rations


   Skills:
 - Level 1.5 Dodging
 - Level 1.0 Stealth
 * Level 3.2 Spellcasting
 - Level 0.6 Transmutations
 + Level 3.2 Earth Magic


You had 4 spell levels left.
You knew the following spells:

 Your Spells              Type           Power        Failure   Level  Hunger
a - Sandblast             Erth           #.....       6%          1    #......
b - Passwall              Tmut/Erth      #.......     17%         2    ###....
c - Stone Arrow           Conj/Erth      #.....       36%         3    ###....

Your spell library contained the following spells:

 Spells                   Type           Power        Failure   Level  Hunger
 Petrify                  Tmut/Erth      #.......     73%         4    #####..
 Lee's Rapid Deconstruct  Erth           #.........   87%         5    ######.


Dungeon Overview and Level Annotations

Branches:
Dungeon (6/15)
 Temple: D:4-7

Altars:
Okawaru
Yredelemnul


Innate Abilities, Weirdness & Mutations

You are too large for most types of armour.
You have claws for hands.
Your metabolism is lightning-fast.
You like to eat raw meat.
Your natural rate of healing is unusually fast.
You are covered in fur. (AC +1)
You have very tough skin. (AC +2)


Message History

The ogre hits you with a giant club!
Casting: Sandblast (safe; 9% risk of failure)
Confirm with . or Enter, or press ? or * to list all spells.
Aiming: Sandblast (safe; 9% risk of failure)
Press: ? - help, Shift-Dir - straight line, f/p - ogre
Aim: an ogre, wielding a giant club (moderately wounded)
The blast of sand hits the ogre.
The ogre is heavily wounded.
b - 80 stones The ogre barely misses you.
You riposte.
You barely miss the ogre.
The ogre is heavily wounded.
The orc wizard mumbles some strange words.
The orc wizard blinks!
Casting: Sandblast (safe; 9% risk of failure)
Confirm with . or Enter, or press ? or * to list all spells.
Aiming: Sandblast (safe; 9% risk of failure)
Press: ? - help, Shift-Dir - straight line, f/p - ogre
Aim: an ogre, wielding a giant club (heavily wounded)
The blast of sand hits the ogre.
The ogre is severely wounded.
b - 79 stones The ogre closely misses you.
Casting: Sandblast (safe; 9% risk of failure)
Confirm with . or Enter, or press ? or * to list all spells.
Aiming: Sandblast (safe; 9% risk of failure)
Press: ? - help, Shift-Dir - straight line, f/p - ogre
Aim: an ogre, wielding a giant club (severely wounded)
The blast of sand hits the ogre.
The ogre is almost dead.
b - 78 stones
Casting: Sandblast (safe; 9% risk of failure)
Confirm with . or Enter, or press ? or * to list all spells.
Aiming: Sandblast (safe; 9% risk of failure)
Press: ? - help, Shift-Dir - straight line, f/p - ogre
Aim: an ogre, wielding a giant club (almost dead)
The blast of sand misses the ogre.
The blast of sand hits the scorpion.
The scorpion is lightly wounded.
b - 77 stones The ogre hits you with a giant club!!
* * * LOW HITPOINT WARNING * * *
The orc wizard casts a spell.
The orc wizard blinks!
Casting: Sandblast (safe; 9% risk of failure)
Confirm with . or Enter, or press ? or * to list all spells.
Aiming: Sandblast (safe; 9% risk of failure)
Press: ? - help, Shift-Dir - straight line, f/p - ogre
Aim: an ogre, wielding a giant club (almost dead)
The blast of sand hits the ogre.
You kill the ogre!
Your Spellcasting skill increases to level 3!
Your Earth Magic skill increases to level 3!
You have reached level 5!
b - 76 stones A hound comes into view.
The hound barks!
The hound bites you.
* * * LOW HITPOINT WARNING * * *
The hound bites you.
* * * LOW HITPOINT WARNING * * *
The hound closely misses you.
You riposte.
You slash the hound!
The hound is heavily wounded.
There is a stone staircase leading up here.
The hound bites you.
You die...

#..#####.......# ######.#####
......s........# #..........##
...#####.......# #.####.#....#
.$....#..).#)#.#.#.# ...#....#
...##.#.##.#.#.#.#.#.####....#
#..##.#..#.#..o..#.# #....#
.>.............###.# ###'##
#.............sh...#.# #.#
#..##......#....@....# #.#
#..####.####....###### #.#
#..# #.# ##.... #.# . #..# .#
###..# #.####. #..# .# #..#
##.###.#.... #.). ....
............. ##.#
##..#.#.#.### .. #.#.#.# #
#.#.#


You could see a scorpion, a hound and an orc wizard.

Vanquished Creatures
  An ogre (D:4)
  A worker ant (D:6)
  A worker ant zombie (D:5)
  2 adders
  A worm (D:2)
  2 leopard geckos (D:2)
  3 orcs
  3 bats
  A giant cockroach (D:2)
  A jackal (D:1)
  A frilled lizard (D:2)
  3 rats
20 creatures vanquished.

Notes
Turn   | Place    | Note
-------+----------+-------------------------------------------
     0 | D:1      | Amnesiac the Troll Earth Elementalist began the quest for
                  | the Orb.
     0 | D:1      | Reached XP level 1. HP: 16/16 MP: 1/1
   128 | D:2      | Found a basalt altar of Yredelemnul.
   144 | D:2      | Reached XP level 2. HP: 24/24 MP: 3/3
   151 | D:2      | Learned a level 2 spell: Passwall
   181 | D:2      | Found an iron altar of Okawaru.
   347 | D:4      | Got a bloodstained long sword
   348 | D:4      | Identified the +6 long sword of Atelor {vamp, rC++} (You
                  | found it on level 4 of the Dungeon)
   392 | D:4      | Noticed an ogre
   393 | D:4      | Noticed a scorpion
   396 | D:5      | Entered Level 5 of the Dungeon
   455 | D:5      | Reached XP level 3. HP: 25/31 MP: 5/5
   463 | D:5      | Learned a level 3 spell: Stone Arrow
   599 | D:4      | Reached XP level 4. HP: 11/39 MP: 4/7
   665 | D:4      | Killed an ogre
   665 | D:4      | Reached XP level 5. HP: 7/45 MP: 2/8
   667 | D:4      | HP: 2/45 [hound (1)]
   670 | D:4      | Slain by a hound

Vault maps used:
D:1:      lightli_iron_boxes
D:2:      led_sif_pool, old_standard_altar, okawaru_ov_weapons_minmay
D:3:      lemuel_angel_altar
D:4:      minmay_temple_entry_trees, first_ration
D:5:      nicolae_gozag_seed_capital
D:6:      zin_statuary, serial_shops, shop, serial_glass, glass_columns_a,
          glass_columns_a, glass_columns_a, glass_columns_b, glass_columns_a,
          glass_columns_a, tgw_trog

Skill      XL: |  1  2  3  4 |
---------------+-------------+-----
Spellcasting   | 2 3 |  3.2
Earth Magic    | 3 |  3.2
Dodging        | |  1.5
Stealth        | |  1.0
Transmutations | |  0.6

Action                   |  1- 3 |  4- 6 || total
-------------------------+-------+-------++-------
Melee: Unarmed           |    50 |       ||    50
       Long sword        |     6 |     2 ||     8
 Cast: Sandblast         |    12 |     6 ||    18
  Use: Scroll            |     5 |       ||     5
  Eat: Chunk             |     5 |       ||     5
       Ration            |     1 |       ||     1
Armor: Robe              |    37 |       ||    37
Dodge: Dodged            |    67 |     5 ||    72
       Rpst.: Long sword |     5 |     3 ||     8

Table legend:
 A = Non-vault XP
 B = Vault XP
 C = Vault XP percentage of total XP
 D = Non-vault monster count
 E = Vault monster count
 F = Vault count percentage of total count
                 A         B        C        D         E       F
            +---------+---------+-------+---------+---------+-------
      Total |     224 |       0 |   0.0 |      20 |       0 |   0.0
            +---------+---------+-------+---------+---------+-------
        D:1 |       3 |       0 |   0.0 |       2 |       0 |   0.0
        D:2 |      17 |       0 |   0.0 |       7 |       0 |   0.0
        D:3 |      17 |       0 |   0.0 |       4 |       0 |   0.0
        D:4 |     135 |       0 |   0.0 |       4 |       0 |   0.0
        D:5 |      20 |       0 |   0.0 |       2 |       0 |   0.0
        D:6 |      32 |       0 |   0.0 |       1 |       0 |   0.0
            +---------+---------+-------+---------+---------+-------
